 Dungeon Crawl Stone Soup version 0.27-a0-1149-g4505690ab0 (webtiles) character file.

Game seed: 6223442097599574816

3 jasper the Ruffian (level 1, -1/18 HPs)
             Began as a Naga Transmuter on May 13, 2021.
             Slain by a ball python (2 damage)
             ... on level 1 of the Dungeon.
             The game lasted 00:00:23 (137 turns).

jasper the Ruffian (Naga Transmuter)                 Turns: 137, Time: 00:00:23

Health: -1/18      AC:  1    Str: 12    XL:     1   Next: 50%
Magic:  1/3        EV:  9    Int: 13    God:
Gold:   0          SH:  0    Dex: 11    Spells: 3/4 levels left

rFire    . . .     SeeInvis +     - Unarmed
rCold    . . .     Faith    .   (no shield)
rNeg     . . .     Spirit   .   b - +0 leather armour
rPois    +         Reflect  .   (helmet currently unavailable)
rElec    .         Harm     .   (no cloak)
rCorr    .         Rampage  .   (no gloves)
Will     .....                  (no barding)
Stlth    +.........             (no amulet)
HPRegen  0.06/turn              (no ring)
MPRegen  0.08/turn              (no ring)

@: short of breath, appendages, very slightly contaminated, very slow
A: horns 2, AC +0, large, see invisible, deformed body, poison resistance,
slowness 2, spit poison 1, naga tail 1
a: Spit Poison, End Transformation


You were on level 1 of the Dungeon.
You had temporarily grown beastly horns.
You visited 1 branch of the dungeon, and saw 1 of its levels.

Inventory:

Armour
 a - a +0 robe
 b - a +0 leather armour (worn)


   Skills:
 + Level 1.1 Fighting
 - Level 1.5 Dodging
 + Level 3.0 Unarmed Combat
 - Level 2.0 Spellcasting
 + Level 2.1 Transmutations


You had 3 spell levels left.
You knew the following spells:

 Your Spells              Type           Power      Damage    Failure   Level
a - Beastly Appendage     Tmut           12%        N/A       14%         1

Your spell library contained the following spells:

 Spells                   Type           Power      Damage    Failure   Level
 Wereblood                Tmut           6%         N/A       21%         2
 Spider Form              Tmut/Pois      2%         N/A       54%         3
 Ice Form                 Ice/Tmut       4%         N/A       91%         4
 Hydra Form               Tmut           3%         N/A       98%         5


Dungeon Overview and Level Annotations

Branches:
Dungeon (1/15)

Altars:


Innate Abilities, Weirdness & Mutations

You have temporarily grown beastly horns.
Your serpentine skin is tough. (AC +0)
You have supernaturally acute eyesight. (SInv)
Armour fits poorly on your strangely shaped body.
Your system is resistant to poisons. (rPois)
You cover ground very slowly.
You can spit poison.
You have a snake-like lower body.


Message History

You hit the dart slug.
You kill the dart slug!
A kobold comes into view. It is wielding a +0 dagger.
You have got your breath back.
The ball python closely misses you.
You hit the ball python.
You kill the ball python!
You closely miss the ball python.
Your horns disappear.
The ball python bites you.
You take 3 damage, and have 8/18 hp.
Casting: Beastly Appendage (safe; 14% risk of failure)
Press: ? - help, Q - select action, (/) - cycle Dir - look around, f - activate You grow a pair of large bovine horns.
The ball python bites you.
A bat comes into view.
You take 2 damage, and have 6/18 hp.
You now have 1/3 mp.
Casting: Beastly Appendage (safe; 14% risk of failure)
Confirm with . or Enter, or press ? or * to list all spells.
You miscast Beastly Appendage.
You are very lightly contaminated with residual magic.
Nothing appears to happen.
The ball python bites you but does no damage.
You now have 0/3 mp.
Press: ? - help, Shift-Dir - straight line, f - ball python
Aim: a ball python The splash of poison misses the ball python.
The splash of poison misses the hobgoblin.
The ball python bites you.
* * * LOW HITPOINT WARNING * * *
The ball python bites you.
* * * LOW HITPOINT WARNING * * *
You take 5 damage, and have 1/18 hp.
MASSIVE DAMAGE!!
You hit the ball python but do no damage.
The ball python bites you but does no damage.
You hit the ball python.
The ball python is moderately wounded.
A goblin comes into view. It is wielding a +0 club.
The ball python bites you.
You die...

.≈#§≈§#≈≈≈§### ##≈≈
#≈≈≈#≈≈
≈≈≈≈≈§#≈≈§§§§#######≈≈≈≈
...≈§§§≈§§≈§§≈≈...≈≈≈≈≈≈
......≈≈≈§≈≈≈≈§PP.≈≈≈≈≈≈
##......§..§§≈≈...≈≈≈...
#####......§..P........
######...........#
######.###### #@# #####
#S#...... #gK......
.......$r..###.
...........#⌠#.
#..........###.
..##........... .
##g.....#### #[.....#


You could see a hobgoblin, a goblin (wandering), a ball python, a kobold and a
rat.

Vanquished Creatures
  A dart slug (D:1)
  A ball python (D:1)
2 creatures vanquished.

Notes
Turn   | Place    | Note
-------+----------+-------------------------------------------
     0 | D:1      | jasper the Naga Transmuter began the quest for the Orb.
     0 | D:1      | Reached XP level 1. HP: 18/18 MP: 3/3
   137 | D:1      | Slain by a ball python

Illustrated notes

Levels and vault maps discovered:
D:1:      dpeg_arrival_water_fire, layout_basic,
          hellmonk_ecumenical_altar_zigzags, serial_glass, glass_columns_a,
          glass_columns_a, glass_columns_b, glass_columns_c, glass_columns_a,
          glass_columns_a, feat_on_display, minmay_pentomino_w4

Action                   || total
-------------------------++-------
Melee: Unarmed           ||     5
 Cast: Beastly Appendage ||     2
 Abil: Spit Poison       ||     2
Armor: Leather armour    ||     2
Dodge: Dodged            ||     2

Table legend: (Time is in decaauts)
 A = Elapsed time spent in this place.
 B = Non-inter-level travel time spent in this place.
 C = Inter-level travel time spent in this place.
 D = Time resting spent in this place.
 E = Time spent auto-exploring this place.
 F = Levels seen in this place.
 G = Mean time per level.
                   A        B        C        D        E       F      G
               +--------+--------+--------+--------+--------+-----+--------+
         Total |    179 |    179 |      0 |      0 |    147 |   1 |  179.0 |
       Dungeon |    179 |    179 |      0 |      0 |    147 |   1 |  179.0 |
               +--------+--------+--------+--------+--------+-----+--------+

Top non-repeatable levels by time:
     D:1: 179 daAuts
